 Dungeon Crawl Stone Soup version 0.26-a0-612-gd4d190f45e (webtiles) character file.

Game seed: 10333627356625287102

109 KikubaaqudghaCute the Grave Robber (level 4, -1/33 HPs)
             Began as a Mummy Necromancer on Sept 10, 2020.
             Killed from afar by an orc wizard (3 damage)
             ... with a puff of frost
             ... on level 4 of the Dungeon.
             The game lasted 00:08:49 (3187 turns).

KikubaaqudghaCute the Grave Robber (MuNe)           Turns: 3187, Time: 00:08:50

Health: -1/33      AC:  4    Str: 11    XL:     4   Next: 60%
Magic:  9/9        EV: 27    Int: 15    God:
Gold:   170        SH:  0    Dex: 12    Spells: 2/10 levels left

rFire    x . .     SeeInvis .   f - +1 hand axe (vorpal)
rCold    + . .     Faith    .   (no shield)
rNeg     + + +     Spirit   .   a - +0 robe
rPois    ∞         Reflect  .   n - +0 helmet (curse)
rElec    .         Harm     .   (no cloak)
rCorr    .                      (no gloves)
MR       .....                  i - +0 pair of boots
Stlth    ++........             j - amulet of the acrobat
HPRegen  0.11/turn              (no ring)
MPRegen  0.11/turn              (no ring)

@: acrobat
A: no potions, fire vulnerability, cold resistance 1, negative energy resistance
3, torment resistance, unbreathing
a: no special abilities


You were on level 4 of the Dungeon.
You visited 1 branch of the dungeon, and saw 4 of its levels.

You collected 170 gold pieces.

Inventory:

Hand Weapons
 f - a +1 vorpal hand axe (weapon)
 l - a +0 long sword of holy wrath
Armour
 a - a +0 robe (worn)
 i - a +0 pair of boots (worn)
 n - a cursed +0 helmet (worn)
Jewellery
 g - a cursed amulet of inaccuracy {unknown}
 j - an amulet of the acrobat (around neck)
 m - an uncursed amulet of guardian spirit {unknown}
 o - an uncursed ring of protection from fire {unknown}
Scrolls
 b - a scroll of enchant armour
 c - a scroll of noise {unknown}
 d - 4 scrolls of teleportation {unknown}
 e - 6 scrolls of identify
 h - 2 scrolls of remove curse {unknown}
 k - 2 scrolls of amnesia {unknown}
 p - a scroll of magic mapping {unknown}
 q - a scroll of fear {unknown}


   Skills:
 + Level 2.2 Fighting
 + Level 2.2 Dodging
 - Level 2.0 Stealth
 + Level 3.5 Spellcasting
 + Level 4.4 Necromancy


You had 2 spell levels left.
You knew the following spells:

 Your Spells              Type           Power        Failure   Level
a - Animate Dead          Necr           ###.......   30%         4
d - Vampiric Draining     Necr           ###.......   9%          3
x - Pain                  Necr           ###.         3%          1

Your spell library contained the following spells:

 Spells                   Type           Power        Failure   Level
 Animate Skeleton         Necr           ###...       3%          1
 Agony                    Necr           ###.....     63%         5


Dungeon Overview and Level Annotations

Branches:
Dungeon (4/15)
 Temple: D:4-7

Altars:
Hepliaklqana
Trog
Uskayaw


Innate Abilities, Weirdness & Mutations

You do not drink.
Your flesh is vulnerable to fire.
You are immune to poison.
Your flesh is cold resistant. (rC+)
You are immune to negative energy. (rN+++)
You are immune to unholy pain and torment.
You can survive without breathing.


Message History

The gnoll misses you.
The orc wizard mumbles some strange words.
The orc wizard seems to speed up.
The orc wizard looks satisfied for a moment.
The orc wizard points at you and mumbles some strange words.
The magic dart hits you!
* * * LOW HITPOINT WARNING * * *
As you read the scroll labeled ZUORUA FOOG, it crumbles to dust.
It is a scroll of identify.
b - a scroll of enchant armour The orc wizard gestures at you while chanting.
The puff of frost hits you. You resist.
* * * LOW HITPOINT WARNING * * *
You can't drink.
The orc wizard gestures at you while chanting.
The puff of frost hits you. You resist.
* * * LOW HITPOINT WARNING * * *
The orc wizard points at you and mumbles some strange words.
The puff of frost hits you. You resist.
You die...

########
.......##########################
.................................
.............####################
...........ogo..@....#.....#.....
........g..g.#######.#.###.#.####
.............##........#.........
.............##........#.#.#.##..
.......####.###..........#.#..#.#
.......# #.# #.......####....#.#
...##### #.# ######..........#.#
...# #.# #........#...#.# ####
#.# #........#...#..


You could see an orc wizard (fast), 2 gnolls and an orc.

Vanquished Creatures
  3 adders (D:2)
  An ooze (D:2)
  A worm (D:2)
  4 dart slugs
  2 leopard geckos
  A ball python (D:1)
  2 giant cockroaches
  8 goblins
  9 hobgoblins
  6 jackals
  7 kobolds
  A quokka (D:3)
  6 bats
  4 frilled lizards
  7 rats
62 creatures vanquished.

Vanquished Creatures (others)
  4 plants (D:2)
4 creatures vanquished.

Grand Total: 66 creatures vanquished

Notes
Turn   | Place    | Note
-------+----------+-------------------------------------------
     0 | D:1      | KikubaaqudghaCute the Mummy Necromancer began the quest for
                  | the Orb.
     0 | D:1      | Reached XP level 1. HP: 13/13 MP: 4/4
   120 | D:1      | Reached XP level 2. HP: 20/20 MP: 3/5
   217 | D:1      | Reached skill level 1 in Fighting
   760 | D:1      | Reached XP level 3. HP: 18/26 MP: 2/7
   983 | D:1      | Learned a level 3 spell: Vampiric Draining
  1422 | D:2      | Found a hide-covered altar of Uskayaw.
  1422 | D:2      | Noticed a +0 dagger
  1422 | D:2      | Noticed a +0 dagger
  1428 | D:2      | Found a bloodstained altar of Trog.
  1608 | D:2      | Reached XP level 4. HP: 15/33 MP: 0/9
  1614 | D:2      | Learned a level 4 spell: Animate Dead
  2655 | D:3      | Found a hazy altar of Hepliaklqana.
  3187 | D:4      | Killed from afar by an orc wizard

Illustrated notes

Levels and vault maps discovered:
D:1:      lightli_arrival_boilingwater, layout_loops_ring
D:2:      layout_rooms, bloody_trog, dancing_weapons_uskayaw, serial_forest,
          infiniplex_forest_lined_3, infiniplex_forest_clump_cross,
          infiniplex_forest_straight_4, infiniplex_forest_clump_small,
          infiniplex_forest_end_double, infiniplex_forest_zigzag_1,
          nrook_mini_backslash, grunt_ministairs_6
D:3:      layout_loops_ring, nicolae_overflow_crystal_walls
D:4:      layout_basic, uniq_ijyb

Skill      XL: |  1  2  3 |
---------------+----------+-----
Fighting       | 1 2 |  2.2
Spellcasting   | 3 |  3.5
Stealth        | 2 |  2.0
Dodging        | 2 |  2.2
Necromancy     | |  4.4

Action                   |  1- 3 |  4- 6 || total
-------------------------+-------+-------++-------
Melee: Unarmed           |    29 |       ||    29
       Hand axe          |    20 |    62 ||    82
 Cast: Pain              |    77 |     7 ||    84
       Vampiric Draining |     1 |       ||     1
  Use: Scroll            |       |     1 ||     1
 Stab: Sleeping          |       |     4 ||     4
Armor: Robe              |     7 |    19 ||    26
Dodge: Dodged            |    30 |    42 ||    72

Table legend: (Time is in decaauts)
 A = Elapsed time spent in this place.
 B = Non-inter-level travel time spent in this place.
 C = Inter-level travel time spent in this place.
 D = Time resting spent in this place.
 E = Time spent auto-exploring this place.
 F = Levels seen in this place.
 G = Mean time per level.
                   A        B        C        D        E       F      G
               +--------+--------+--------+--------+--------+-----+--------+
         Total |   3214 |   3130 |     84 |    224 |   2384 |   4 |  803.5 |
       Dungeon |   3214 |   3130 |     84 |    224 |   2384 |   4 |  803.5 |
               +--------+--------+--------+--------+--------+-----+--------+

Top non-repeatable levels by time:
     D:1: 1319 daAuts
     D:2: 933 daAuts
     D:3: 696 daAuts
     D:4: 265 daAuts
